Map: Blueshift LE

Players

Blodir

  • Race: Zerg Zerg
  • League: Master
  • Spawn Location: 1:00

Serral - Winner!

  • Race: Terran Terran
  • League: Master
  • Spawn Location: 7:00

VOD

Have the link to the VOD?

Description

Time

  • Played on: Dec. 3, 2018, 1:02 p.m.
  • Length: 13:21
Show
View Real Time Build Order
Export as new Build Order

Blodir Zerg 

Build Orders: Hatch First 

Get SALT Encoding   

  12  0:00  Drone  
  13  0:13  Overlord  
  13  0:17  Drone  
  14  0:31  Drone x2  
  14  0:35  Drone  
  17  0:52  Hatchery  
  17  0:54  Drone  
  17  0:57  Drone  
  18  1:08  Extractor  
  17  1:12  Spawning Pool  
  17  1:15  Drone  
  17  1:18  Drone  
  18  1:28  Drone  
  19  1:39  Overlord  
  19  1:50  Drone  
  20  1:59  Queen  
  20  2:00  Zergling x2  
  23  2:04  Queen, Zergling x2  
  26  2:09  Metabolic Boost  
  26  2:13  Drone  
  26  2:15  Drone  
  28  2:23  Drone  
  28  2:27  Drone  
  30  2:34  Hatchery  
  29  2:39  Drone  
  29  2:40  Drone  
  31  2:45  Overlord  
  31  2:48  Drone  
  32  2:57  Drone x2  
  34  3:00  Queen  
  36  3:07  Overlord  
  36  3:09  Drone x2  
  36  3:11  Drone  
  39  3:18  Drone  
  40  3:22  Overlord  
  40  3:27  Drone  
  40  3:33  Drone x2  
  42  3:36  Queen  
  44  3:42  Overlord  
  44  3:44  Drone  
  44  3:45  Drone x2  
  44  3:46  Lair  
  44  3:47  Overlord  
  47  3:49  Drone  
  47  3:53  Zergling x4  
  50  3:57  Zergling x6  
  53  4:04  Roach Warren  
  53  4:05  Extractor  
  53  4:08  Drone x2  
  53  4:12  Drone x2  
  53  4:16  Drone x2  
  57  4:21  Drone x4  
  57  4:23  Drone  
  57  4:24  Drone  
  62  4:34  Overlord  
  62  4:39  Spore Crawler  
  62  4:40  Spore Crawler  
  62  4:43  Spore Crawler, Queen  
  61  4:46  Zergling x8  
  61  4:50  Roach  
  65  4:53  Overlord  
  65  4:57  Drone x3  
  68  5:03  Drone x3  
  71  5:07  Drone x2  
  71  5:15  Roach  
  71  5:16  Roach x2  
  76  5:23  Overseer  
  74  5:30  Roach x3  
  74  5:32  Drone  
  74  5:33  Drone x6  
  86  5:38  Drone  
  86  5:42  Evolution Chamber x2  
  84  5:55  Drone x6  
  90  6:02  Overlord x2  
  90  6:06  Hydralisk Den, Hatchery  
  90  6:07  Baneling Nest  
  90  6:08  Extractor  
  87  6:11  Drone x4  
  87  6:14  Zerg Melee Weapons Level 1, Extractor  
  87  6:16  Extractor  
  86  6:18  Zerg Ground Armor Level 1  
  84  6:26  Zergling x20  
  84  6:29  Overlord  
  94  6:34  Zergling x6  
  94  6:37  Hydralisk  
  99  6:45  Hydralisk  
  99  6:46  Hydralisk  
  103  6:52  Hydralisk  
  105  6:55  Zergling x8  
  105  6:56  Centrifical Hooks  
  105  6:58  Overlord x3  
  109  7:15  Baneling  
  109  7:16  Baneling x2  
  109  7:21  Hydralisk  
  109  7:22  Hydralisk x2  
  113  7:23  Drone  
  113  7:24  Drone x7  
  113  7:29  Overlord x3  
  121  7:30  Extractor  
  121  7:35  Hydralisk x2  
  124  7:40  Baneling  
  124  7:41  Zergling x20  
  133  7:52  Drone x2  
  133  7:54  Drone x2  
  137  8:04  Zergling x20  
  145  8:06  Muscular Augments  
  145  8:08  Drone  
  145  8:10  Drone  
  147  8:18  Zergling x4  
  147  8:19  Zergling x4  
  151  8:26  Queen  
  151  8:27  Queen, Hatchery  
  153  8:34  Baneling x2  
  153  8:35  Baneling x7, Zergling x14  
  153  8:36  Hatchery  
  159  8:47  Baneling x8  
  159  8:56  Drone  
  159  8:57  Drone x9, Extractor x2  
  159  9:00  Infestation Pit  
  166  9:03  Baneling  
  166  9:04  Baneling x7, Zergling x4  
  166  9:23  Zergling x8  
  166  9:24  Zergling x14  
  168  9:26  Baneling x12  
  164  9:32  Zergling x2  
  164  9:33  Zergling x6  
  168  9:40  Hive  
  168  9:41  Zergling x12  
  168  9:43  Baneling x6  
  168  9:45  Baneling x4  
  141  10:02  Zergling x16  
  141  10:03  Zergling x2  
  129  10:10  Evolution Chamber  
  129  10:11  Evolution Chamber  
  129  10:12  Hydralisk x11  
  147  10:21  Hydralisk x3  
  153  10:32  Hydralisk x3  
  153  10:33  Hydralisk  
  160  10:47  Zergling x12  
  160  10:48  Baneling, Zergling x14  
  160  10:49  Baneling x8  
  169  10:50  Spore Crawler  
  164  10:57  Baneling x16  
  164  10:58  Zergling x14  
  171  11:12  Zergling x16  
  171  11:16  Spore Crawler, Ultralisk Cavern  
  175  11:18  Spore Crawler  
  175  11:21  Spore Crawler  
  175  11:25  Ultralisk Cavern  
  160  11:35  Zergling x2  
  160  11:36  Zergling x30  
  160  11:38  Drone x2  
  175  11:44  Viper  
  178  11:51  Overlord  
  178  11:52  Overlord x2  
  172  12:07  Viper x2  
  175  12:22  Baneling x13  
  146  12:35  Zergling x28  
  126  12:38  Baneling x6  
  122  12:45  Hydralisk  
  121  12:52  Zergling x2  
  121  12:53  Zergling x10  
Show
View Real Time Build Order
Export as new Build Order

Serral Terran - Winner!

Build Orders: Liberator Opening, Reaper Expand 

Get SALT Encoding   

  12  0:00  SCV  
  13  0:12  SCV  
  14  0:17  Supply Depot  
  14  0:24  SCV  
  15  0:38  SCV  
  15  0:39  Barracks  
  16  0:43  Refinery  
  16  0:50  SCV  
  17  1:03  SCV  
  18  1:15  SCV  
  19  1:26  Reaper  
  19  1:27  Orbital Command  
  20  1:37  Barracks  
  20  1:40  Command Center  
  20  1:53  Supply Depot, SCV  
  21  1:58  Marine  
  22  2:03  Refinery  
  22  2:05  SCV  
  23  2:11  Factory  
  23  2:17  SCV  
  24  2:28  Barracks Reactor  
  24  2:29  SCV  
  25  2:41  SCV  
  26  2:53  SCV  
  26  2:55  Orbital Command  
  27  2:59  Starport  
  28  3:05  SCV  
  28  3:07  Hellion x2  
  32  3:16  Supply Depot, Barracks Tech Lab  
  32  3:17  SCV  
  33  3:20  SCV  
  33  3:26  Liberator  
  34  3:28  Hellion  
  34  3:29  Hellion, SCV  
  34  3:33  SCV  
  40  3:42  Supply Depot, SCV  
  44  3:50  Hellion x2, SCV  
  44  3:54  SCV  
  50  4:03  Supply Depot  
  50  4:04  SCV  
  50  4:06  SCV  
  52  4:19  Command Center  
  52  4:22  Factory Reactor  
  49  4:32  SCV x2  
  49  4:33  Barracks Tech Lab  
  51  4:42  Siege Tank  
  51  4:44  SCV x2  
  56  4:45  Barracks  
  56  4:46  Barracks  
  56  4:51  Starport Reactor  
  56  4:52  Engineering Bay  
  56  4:54  Engineering Bay  
  56  4:55  Refinery  
  56  4:56  Refinery, Marine, Stimpack  
  57  5:00  SCV  
  57  5:01  SCV  
  57  5:04  Supply Depot  
  59  5:13  SCV  
  59  5:14  Marine  
  59  5:18  SCV  
  59  5:20  Terran Infantry Armor Level 1, Terran Infantry Weapons Level 1  
  60  5:23  Siege Tank  
  60  5:25  SCV  
  64  5:31  Marine, SCV  
  63  5:35  Starport Reactor  
  63  5:36  Orbital Command  
  63  5:37  SCV  
  63  5:39  Supply Depot  
  63  5:42  Marine x4  
  68  5:44  SCV  
  68  5:49  Marine  
  70  5:50  SCV  
  70  5:55  Barracks  
  70  5:56  Barracks, SCV  
  72  5:58  Siege Tank  
  72  6:01  Orbital Command  
  72  6:02  SCV  
  76  6:08  SCV  
  76  6:09  Supply Depot  
  76  6:10  Marine x2  
  76  6:11  Marine  
  81  6:14  Medivac x2  
  83  6:26  SCV x2  
  83  6:27  SCV  
  83  6:30  Marine x3, Siege Tank  
  83  6:31  Marauder  
  94  6:36  Armory  
  94  6:38  SCV  
  94  6:39  SCV  
  96  6:42  Supply Depot  
  96  6:44  Barracks Tech Lab  
  96  6:45  Barracks Reactor  
  96  6:49  Medivac x2  
  96  6:52  SCV x2  
  102  6:54  SCV  
  102  6:58  Combat Shield  
  103  7:02  Marine x3, Marauder  
  103  7:03  Marine  
  107  7:09  Concussive Shells  
  107  7:13  SCV  
  107  7:15  SCV  
  114  7:16  Refinery, SCV  
  114  7:23  Marine  
  114  7:27  Terran Infantry Weapons Level 2  
  114  7:28  Terran Infantry Armor Level 2  
  110  7:31  SCV x3  
  113  7:39  Supply Depot x2  
  113  7:41  Supply Depot  
  113  7:42  Supply Depot, Marine, Siege Tank  
  117  7:52  Refinery  
  117  8:00  Marine x4  
  117  8:01  Marine, SCV x3, Marauder x2  
  117  8:04  Supply Depot  
  129  8:06  Marine  
  129  8:07  Supply Depot  
  129  8:11  Medivac  
  129  8:12  Medivac  
  134  8:13  SCV x3  
  134  8:16  Siege Tank  
  134  8:18  Marine  
  141  8:22  Marauder  
  143  8:27  Marine x5, Marauder  
  143  8:31  Terran Vehicle Weapons Level 1  
  150  8:37  Marine  
  150  8:41  Medivac  
  153  8:42  Medivac  
  153  8:44  Marauder  
  157  8:49  Marauder  
  157  8:52  Command Center  
  159  8:57  Siege Tank  
  159  8:58  Marine x3  
  165  9:05  Marine  
  165  9:07  Supply Depot  
  165  9:08  Supply Depot, Marine  
  165  9:09  Marine, Marauder  
  169  9:10  Marauder  
  164  9:25  Medivac x2  
  164  9:26  Factory, Barracks  
  164  9:29  Marine, Siege Tank  
  164  9:30  Marine x2, Marauder  
  176  9:31  Marauder  
  176  9:36  SCV x3  
  181  9:41  Supply Depot  
  181  9:44  Supply Depot  
  181  9:47  Marine x2  
  181  9:52  Marauder  
  185  9:53  Marauder  
  185  9:57  Marine  
  159  10:01  Siege Tank  
  145  10:12  Planetary Fortress  
  145  10:13  Marauder  
  142  10:14  Marauder  
  142  10:16  SCV x2  
  142  10:17  SCV  
  142  10:18  Factory Tech Lab  
  142  10:19  Barracks Tech Lab  
  142  10:20  Marine x5  
  150  10:21  Barracks Reactor  
  150  10:25  Liberator x2  
  150  10:34  Siege Tank  
  150  10:35  Terran Infantry Weapons Level 3, Marauder, Terran Infantry Armor Level 3  
  157  10:36  Marauder  
  159  10:48  Marine x3  
  159  10:55  Terran Vehicle Weapons Level 2  
  159  10:56  Marauder  
  163  10:57  Refinery, Marauder  
  163  10:58  Refinery  
  163  11:02  Siege Tank  
  163  11:04  Marine x2  
  167  11:06  Marine x3  
  171  11:12  Marine x3  
  171  11:17  Marauder  
  171  11:18  Marauder, Siege Tank  
  181  11:21  Marine  
  181  11:22  Marine  
  179  11:35  Siege Tank  
  179  11:37  Marine x6  
  179  11:39  Marine, Marauder  
  191  11:40  Medivac x2, Marauder  
  192  11:50  Marine, Siege Tank  
  196  11:54  Marine  
  196  11:58  SCV x3  
  196  12:00  Marauder  
  200  12:01  Marauder  
  200  12:10  Command Center  
  195  12:30  Marine  
  195  12:31  Marine x2  
  195  12:32  Medivac x2, Siege Tank x2  
  195  12:33  Marine x4  
  199  12:39  Ghost Academy  
  199  12:42  Barracks  
  199  12:43  Barracks  
  199  12:58  Starport  
  199  12:59  Fusion Core, Starport  
Tags
 
Add a new tag
Caveats
  • Supply blocks, unpowered buildings, or Contaminate may cause inaccurate times.
  • Supply counts are checked every 10 seconds.